 Dungeon Crawl Stone Soup version 0.22-a0-785-g6253c82ace (webtiles) character file.

91 Htamos the Stinger (level 4, -4/31 HPs)
             Began as a Formicid Venom Mage on July 20, 2018.
             Slain by a hound (5 damage)
             ... on level 3 of the Dungeon.
             The game lasted 00:10:11 (3824 turns).

Htamos the Stinger (Formicid Venom Mage)            Turns: 3824, Time: 00:10:12

Health: -4/31      AC:  3    Str: 14    XL:     4   Next: 88%
Magic:  0/8        EV: 12    Int: 14    God:
Gold:   129        SH:  0    Dex: 11    Spells: 5/8 levels left

rFire    . . .     SeeInvis +   t - +0 war axe
rCold    . . .     Gourm    .   (no shield)
rNeg     . . .     Faith    .   j - +0 leather armour
rPois    .         Spirit   .   (helmet unavailable)
rElec    .         Reflect  .   (no cloak)
rCorr    .         Harm     .   (no gloves)
MR       .....                  (no boots)
Stlth    ++........             (no amulet)
HPRegen  0.10/turn              (no ring)
MPRegen  0.11/turn              (no ring)

@: very slightly contaminated
A: permanent stasis, dig shafts and tunnels, four strong arms, antennae 3
a: Dig, Shaft Self


You were on level 3 of the Dungeon.
You were not hungry.

You visited 1 branch of the dungeon, and saw 4 of its levels.

You collected 129 gold pieces.

Inventory:

Hand Weapons
 i - a +0 whip
 t - a +0 war axe (weapon)
Armour
 a - a +0 robe
 j - a +0 leather armour (worn)
 s - a +0 ring mail
Jewellery
 m - an uncursed ring of protection from magic {unknown}
Wands
 w - a wand of acid (2)
Scrolls
 b - a scroll of blinking {unknown}
 d - a scroll of remove curse {unknown}
 f - 4 scrolls of identify {unknown}
 k - 2 scrolls of teleportation {unknown}
 l - 2 scrolls of immolation {unknown}
 n - a scroll of fear {unknown}
 p - a scroll of fog {unknown}
 q - a scroll of amnesia {unknown}
 r - a scroll of enchant weapon {unknown}
Potions
 e - 2 potions of mutation {unknown}
 g - 2 potions of heal wounds
 h - a potion of invisibility {unknown}
 o - a potion of brilliance {unknown}
 u - a potion of flight {unknown}
Comestibles
 c - 6 rations
 v - 2 chunks of flesh


   Skills:
 - Level 0.4 Fighting
 + Level 0.0 Axes
 - Level 0.6 Armour
 - Level 1.8 Dodging
 - Level 3.0 Stealth
 + Level 2.9 Spellcasting
 + Level 1.8 Conjurations
 * Level 5.2 Poison Magic


You had 5 spell levels left.
You knew the following spells:

 Your Spells              Type           Power        Failure   Level  Hunger
a - Sting                 Conj/Pois      ##..         6%          1    #......
b - Poisonous Vapours     Pois/Air       #.....       14%         2    ##.....

Your spell library contained the following spells:

 Spells                   Type           Power        Failure   Level  Hunger
 Magic Dart               Conj           #...         13%         1    #......
 Conjure Flame            Conj/Fire      #.......     50%         3    ###....
 Slow                     Hex            #.......     38%         2    ##.....
 Mephitic Cloud           Conj/Pois/Air  #.......     30%         3    ###....
 Venom Bolt               Conj/Pois      ##........   87%         5    ######.
 Olgreb's Toxic Radiance  Pois           ###.....     32%         4    #####..
 Blink                    Tloc           N/A          38%         2    ##.....
 Call Imp                 Summ           #.......     38%         2    ##.....


Dungeon Overview and Level Annotations

Branches:
Dungeon (4/15)
 Temple: D:4-7

Altars:
Kikubaaqudgha

Annotations:
D:4 Purgy


Innate Abilities, Weirdness & Mutations

You cannot be hasted, slowed, berserked, paralysed or teleported.
You can dig through walls and to a lower floor.
Your four strong arms can wield two-handed weapons with a shield.
You have a pair of large antennae on your head. (SInv)


Message History

Casting: Poisonous Vapours (safe; 14% risk of failure)
Confirm with . or Enter, or press ? or * to list all spells.
Aiming: Sting (safe; 6% risk of failure)
Press: ? - help, Shift-Dir - straight line, f - hound
Aim: a hound (severely wounded)
The sting hits the hound.
The hound is poisoned.
The hound is almost dead.
* * * LOW MAGIC WARNING * * *
The hound bites you.
* * * LOW HITPOINT WARNING * * *
You closely miss the hound.
The hound is almost dead.
The hound bites you but does no damage. The hound bites you.
* * * LOW HITPOINT WARNING * * *
You barely miss the hound.
The hound is almost dead.
The hound closely misses you. The hound bites you.
* * * LOW HITPOINT WARNING * * *
The hound bites you.
You die...

#..)..################
#.....#### #.#
#........# #.######
#.....#### #.##...#
#.....# #.##...#
#....W#########.##...#
###.............##...#
#...........#.##...#
###@h..........'...'
#########.#.##...#
#.#.....## #.#...#.##
#.#.#..... ##+#.#.#.##
#....#.#...
#....#.####
#....#.....


You could see a phantom and a hound.

Vanquished Creatures
  2 adders (D:2)
  3 worms
  A dart slug (D:1)
  A leopard gecko (D:1)
  A ball python (D:4)
  6 giant cockroaches
  8 goblins
  9 hobgoblins
  3 kobolds
  3 quokkas
  7 bats
  5 frilled lizards
  7 rats
56 creatures vanquished.

Notes
Turn   | Place    | Note
-------+----------+-------------------------------------------
     0 | D:1      | Htamos the Formicid Venom Mage began the quest for the Orb.
     0 | D:1      | Reached XP level 1. HP: 13/13 MP: 3/3
    19 | D:1      | Reached skill level 1 in Conjurations
   127 | D:1      | Reached XP level 2. HP: 19/19 MP: 0/5
   131 | D:1      | Learned a level 2 spell: Poisonous Vapours
  1263 | D:1      | Reached XP level 3. HP: 25/25 MP: 3/6
  2018 | D:2      | Found an ancient bone altar of Kikubaaqudgha.
  2046 | D:2      | Reached XP level 4. HP: 31/31 MP: 2/8
  2562 | D:2      | Reached skill level 5 in Poison Magic
  3632 | D:4      | Noticed a phantom
  3797 | D:4      | Noticed Purgy
  3824 | D:3      | HP: 1/31 [hound (2)]
  3824 | D:3      | Slain by a hound

Vault maps used:
D:1:      scummos_arrival_hexagon, serial_co_window_serial, co_window_corner_a,
          co_window_paths_b, co_window_paths_b, co_window_paths_b,
          co_window_paths_b, co_window_2corner, co_window_broadway_b,
          co_window_corner_b, co_window_of_opportunity_b, co_window_2corner,
          co_window_2corner, glass_columns_a, minmay_tromino_v4_c
D:2:      lemuel_doored_altar, first_ration
D:4:      ebering_ghost_reflecting_pool, uniq_duvessa, uniq_purgy

Skill      XL: |  1  2  3  4 |
---------------+-------------+-----
Conjurations   | 1 |  1.8
Stealth        | 3 |  3.0
Poison Magic   | 5 |  5.2
Fighting       | |  0.4
Armour         | |  0.6
Dodging        | |  1.8
Spellcasting   | |  2.9

Action                   |  1- 3 |  4- 6 || total
-------------------------+-------+-------++-------
Melee: Unarmed           |     4 |       ||     4
       Whip              |    16 |    47 ||    63
       War axe           |       |    17 ||    17
 Cast: Sting             |    14 |     5 ||    19
       Poisonous Vapours |    27 |    37 ||    64
 Abil: Dig               |       |     1 ||     1
  Use: Potion            |       |     1 ||     1
 Stab: Sleeping          |       |     1 ||     1
  Eat: Chunk             |     5 |     9 ||    14
Armor: Robe              |     6 |       ||     6
       Leather armour    |     3 |    16 ||    19
Dodge: Dodged            |    15 |    42 ||    57

Table legend:
 A = Spawn XP
 B = Non-spawn XP
 C = Spawn XP percentage of total XP
 D = Spawn monster count
 E = Non-spawn monster count
 F = Spawn count percentage of total count
 G = Total turns spent on level
                    A         B        C        D         E        F      G
               +---------+---------+-------+---------+---------+-------+---------
         Total |       0 |     131 |   0.0 |       0 |      56 |   0.0 |  3824
               +---------+---------+-------+---------+---------+-------+---------
           D:1 |       0 |      32 |   0.0 |       0 |      18 |   0.0 |  1639
           D:2 |       0 |      69 |   0.0 |       0 |      22 |   0.0 |  1013
           D:3 |       0 |      28 |   0.0 |       0 |      15 |   0.0 |  1026
           D:4 |       0 |       2 |   0.0 |       0 |       1 |   0.0 |   146
               +---------+---------+-------+---------+---------+-------+---------
